 Dungeon Crawl Stone Soup version 0.30.2 (webtiles) character file.

Game seed: 14155029712502835535

156 porpoise the Poker (level 5, -10/41 HPs)
             Began as a Demonspawn Gladiator on Mar 22, 2024.
             Mangled by a gnoll
             ... wielding a +0 halberd
              (13 damage)
             ... on level 3 of the Dungeon.
             The game lasted 00:05:20 (1800 turns).

porpoise the Poker (Demonspawn Gladiator)           Turns: 1800, Time: 00:05:22

Health: -10/41     AC:  5    Str: 16    XL:     5   Next: 15%
Magic:  5/5        EV: 12    Int: 12    God:
Gold:   141        SH:  0    Dex: 15    Spells: 4/4 levels left

rFire   . . .        a - +0 trident
rCold   . . .        (no shield)
rNeg    . . .        b - +0 leather armour
rPois   .            c - +0 helmet
rElec   .            (no cloak)
rCorr   .            s - +0 pair of gloves of Xuifuul {Int+3}
SInv    .            (no boots)
Will    .....        (no amulet)
Stlth   +            (no ring)
HPRegen 0.26/turn    (no ring)
MPRegen 0.09/turn

%: no passive effects
@: no status effects
A: demonic touch 2
a: no special abilities


You were on level 3 of the Dungeon.
You visited 1 branch of the dungeon, and saw 3 of its levels.

You collected 141 gold pieces.

Inventory:

Hand Weapons
 a - a +0 trident (weapon)
Missiles
 d - 3 throwing nets (quivered)
 e - a javelin
 f - 11 poisoned darts
Armour
 b - a +0 leather armour (worn)
 c - a +0 helmet (worn)
 r - a scarf of invisibility
 s - the +0 pair of gloves of Xuifuul (worn) {Int+3}
   (You found it on level 2 of the Dungeon)

   Int:       It affects your intelligence (+3).
Jewellery
 j - an amulet of faith
 o - an amulet of magic regeneration
Scrolls
 g - 4 scrolls of identify {unknown}
 h - a scroll of enchant weapon {unknown}
 i - a scroll of poison {unknown}
 k - a scroll of blinking {unknown}
 l - a scroll of magic mapping {unknown}
 n - a scroll of enchant armour {unknown}
Potions
 m - a potion of haste
 p - a potion of invisibility {unknown}
 q - 3 potions of curing {unknown}
 t - a potion of heal wounds {unknown}


   Skills:
 + Level 3.1 Fighting
 * Level 4.3 Polearms
 + Level 2.8 Throwing
 - Level 2.6 Dodging


You had 4 spell levels left.
You didn't know any spells.
Your spell library contained the following spells:

 Spells                   Type           Power      Damage    Failure   Level
 Magic Dart               Conj           0%         1d3       38%         1
 Sandblast                Erth           0%         2d4       38%         1
 Call Imp                 Summ           0%         N/A       52%         2
 Passwall                 Tmut/Erth      0%         N/A       52%         2
 Mephitic Cloud           Conj/Pois/Air  0%         N/A       77%         3
 Stone Arrow              Conj/Erth      0%         3d7       77%         3


Dungeon Overview and Level Annotations

Branches:
Dungeon (3/15)

Altars:
Qazlal
Trog


Innate Abilities, Weirdness & Mutations

Your touch may inflict irresistible damage on your foes.


Message History

The jackal closely misses you. The gnoll misses you.
You hit the jackal.
You kill the jackal!
The gnoll hits you from afar with a +0 halberd!
You puncture the jackal!
You kill the jackal!
The gnoll closely misses you.
The gnoll hits you from afar with a +0 halberd.
You reach to attack!
You hit the gnoll but do no damage. The gnoll completely misses you.
The gnoll closely misses you.
You reach to attack!
You hit the gnoll.
The gnoll is moderately wounded.
The gnoll closely misses you.
The gnoll hits you from afar with a +0 halberd.
You reach to attack!
You hit the gnoll.
The gnoll is heavily wounded.
The gnoll hits you from afar with a +0 halberd!
The gnoll closely misses you.
You reach to attack!
You hit the gnoll.
The gnoll is heavily wounded.
The gnoll hits you from afar with a +0 halberd.
The gnoll hits you from afar with a +0 spear.
You are too injured to fight recklessly!
You are too injured to fight recklessly!
You are too injured to fight recklessly!
Reach: a) +0 trident
Press: ? - help, Dir - move target, f/p - gnoll
Aim: a gnoll, wielding a +0 halberd (heavily wounded, about 36% to evade your +0 trident)
You reach to attack!
You hit the gnoll.
The gnoll is severely wounded.
The gnoll hits you from afar with a +0 halberd!
* * * LOW HITPOINT WARNING * * *
The gnoll closely misses you.
Reach: a) +0 trident
Press: ? - help, Dir - move target, f/p - gnoll
Aim: a gnoll, wielding a +0 halberd (severely wounded, about 36% to evade your +0 trident)
You reach to attack!
You barely miss the gnoll.
The gnoll is severely wounded.
The gnoll hits you from afar with a +0 halberd!
You die...

#......# #...##.# ######.#
.. ####.#### #.. #.......#
#.# #.##.##.# #.# # #.##.#
#.# #.##.# # #.# ### #@##.#
####.####...#.##†##.#
............#..gg...######.
.##....##...####.###.......
.##..#.# #.........#.......
###.##.# ####.####$#......#
# #.##.# #.......†...... .
..##.# ####....~P.⌠.~.
######.## ######......⌠~.#


You could see 2 gnolls.

Vanquished Creatures
  Jessica (D:2)
  An adder (D:3)
  3 gnolls (D:2)
  4 worms
  A dart slug (D:1)
  5 orcs (D:3)
  2 ball pythons
  7 endoplasms
  2 giant cockroaches
  4 goblins
  6 hobgoblins
  7 jackals
  8 kobolds
  5 quokkas
  6 bats
  3 frilled lizards (D:2)
  6 rats
71 creatures vanquished.

Notes
Turn   | Place    | Note
-------+----------+-------------------------------------------
     0 | D:1      | porpoise the Demonspawn Gladiator began the quest for the
                  | Orb.
     0 | D:1      | Reached XP level 1. HP: 16/16 MP: 1/1
   270 | D:1      | Reached skill level 3 in Polearms
   270 | D:1      | Gained mutation: Your touch may inflict minor irresistible
                  | damage on your foes. [demonic ancestry]
   270 | D:1      | Reached XP level 2. HP: 20/22 MP: 2/2
   722 | D:1      | Reached XP level 3. HP: 28/28 MP: 3/3
   837 | D:2      | Noticed Jessica
   850 | D:2      | Killed Jessica
   952 | D:2      | Gained mutation: Your touch may inflict irresistible damage
                  | on your foes. [demonic ancestry]
   952 | D:2      | Reached XP level 4. HP: 34/34 MP: 4/4
  1166 | D:2      | Identified the +0 pair of gloves of Xuifuul {Int+3}
  1321 | D:2      | Reached skill level 4 in Polearms
  1593 | D:3      | Found a stormy altar of Qazlal.
  1624 | D:3      | Reached XP level 5. HP: 40/41 MP: 5/5
  1633 | D:3      | Found a bloodstained altar of Trog.
  1799 | D:3      | HP: 2/41 [gnoll/+0 halberd (11)]
  1800 | D:3      | Mangled by a gnoll

Illustrated notes

Levels and vault maps discovered:
D:1:      beargit_arrival_diablo_church, layout_basic
D:2:      layout_rooms, basic_altar, ebering_dispersal_statue_hall, uniq_jessica
D:3:      layout_loops_cross, trog_butcher_becter, grunt_qazlal_clouds,
          shapermc_ecumenical_altar_mp_ritualfount

Skill      XL: |  1  2  3  4 |
---------------+-------------+-----
Polearms       | 3 4 |  4.3
Throwing       | 2 |  2.8
Fighting       | 3 |  3.1
Dodging        | |  2.6

Action                     |  1- 3 |  4- 6 || total
---------------------------+-------+-------++-------
  Melee: Trident           |    90 |    96 ||   186
         Touch             |     8 |    15 ||    23
   Stab: Sleeping          |     1 |     2 ||     3
         Distracted        |       |     1 ||     1
 Armour: Leather armour    |    19 |    10 ||    29
  Dodge: Dodged            |    42 |    46 ||    88
